 Dungeon Crawl Stone Soup version 0.22.1-1-ga44c0e5 (webtiles) character file.

387 Fang the Chopper (level 6, 0/58 HPs)
             Began as a Gargoyle Berserker on Oct 23, 2018.
             Was a Priest of Trog.
             Killed by nerve-wracking pain
             ... invoked by Grinder
              (2 damage)
             ... on level 3 of the Dungeon.
             The game lasted 00:02:31 (2419 turns).

Fang the Chopper (Gargoyle Berserker)               Turns: 2419, Time: 00:02:31

Health: 0/58       AC:  6    Str: 27    XL:     6   Next: 78%
Magic:  6/6        EV: 12    Int:  8    God:    Trog [***...]
Gold:   76         SH:  0    Dex:  9    Spells: 5/5 levels left

rFire    . . .     SeeInvis .   a - +0 hand axe
rCold    . . .     Gourm    +   (no shield)
rNeg     + . .     Faith    .   b - +0 animal skin
rPois    ∞         Spirit   .   (no helmet)
rElec    +         Reflect  .   (no cloak)
rCorr    .         Harm     .   (no gloves)
MR       .....                  (no boots)
Stlth    ..........             f - amulet of the gourmand
HPRegen  0.19/turn              (no ring)
MPRegen  0.10/turn              (no ring)

@: berserking, very quick
A: negative energy resistance 1, electricity resistance, unbreathing,
petrification resistance, rot immunity, AC +4
a: Berserk, Trog's Hand, Renounce Religion


You were on level 3 of the Dungeon.
You worshipped Trog.
Trog was most pleased with you.
You were very full.

You visited 1 branch of the dungeon, and saw 3 of its levels.

You collected 76 gold pieces.

Inventory:

Hand Weapons
 a - a +0 hand axe (weapon)
Armour
 b - a +0 animal skin (worn)
Jewellery
 f - an amulet of the gourmand (around neck)
 u - an uncursed ring of fire {unknown}
Wands
 s - a wand of iceblast (7)
Scrolls
 d - 2 scrolls of enchant armour {unknown}
 e - 2 scrolls of teleportation {unknown}
 g - 3 scrolls of identify {unknown}
 h - 4 scrolls of fog {unknown}
 i - 2 scrolls of noise {unknown}
 j - a scroll of immolation {unknown}
 k - a scroll of blinking {unknown}
 o - 3 scrolls of amnesia {unknown}
 t - a scroll of random uselessness {unknown}
Potions
 l - a potion of lignification {unknown}
 m - a potion of degeneration {unknown}
 n - a potion of haste {unknown}
 p - a potion of mutation {unknown}
 r - a potion of heal wounds {unknown}
Comestibles
 c - 7 rations
 q - a chunk of flesh


   Skills:
 + Level 4.7 Fighting
 + Level 5.2 Axes
 + Level 2.3 Armour
 + Level 2.8 Dodging
 + Level 1.3 Stealth


You had 5 spell levels left.
You didn't know any spells.
Your spell library was empty.

Dungeon Overview and Level Annotations

Branches:
Dungeon (3/15)

Altars:

Annotations:
D:3 Grinder


Innate Abilities, Weirdness & Mutations

You are resistant to torment.
Your stone body is resilient. (AC +4)
You are immune to poison.
You resist negative energy. (rN+)
You are resistant to electric shocks. (rElec)
You can survive without breathing.
You are immune to petrification.
You are immune to rotting.


Message History

You barely miss Grinder.
Grinder is severely wounded.
Grinder gestures at you.
You suddenly lose the ability to move!
Grinder hits you but does no damage. Grinder gestures at you.
Pain shoots through your body!
* * * LOW HITPOINT WARNING * * *
Grinder hits you.
* * * LOW HITPOINT WARNING * * *
You writhe in agony.
* * * LOW HITPOINT WARNING * * *
Grinder blinks!
You can move again.
A red film seems to cover your vision as you go berserk!
You feel yourself moving faster!
You feel mighty!
You feel quite a bit less full.
You feel a strong urge to attack something.
Grinder gestures at you. Pain shoots through your body!
You die...

##...##
#..#..#####.#
#.###......#
#..#.)#####?#
#....## ##
#.#.##
#...###.#.#
#..5..?.#
#...###@### #
#..# ##.# #.#
#.# #.# #.#
#.# #.#


You could see Grinder.

Vanquished Creatures
  Sigmund (D:3)
  A crimson imp (D:2)
  Natasha (D:3)
  Terence (D:3)
  Ijyb (D:3)
  Robin (D:3)
  3 adders
  2 oozes (D:2)
  2 worms (D:2)
  A dart slug (D:2)
  2 leopard geckos
  4 giant cockroaches
  15 goblins
  8 hobgoblins
  7 jackals
  2 quokkas
  7 bats
  A frilled lizard (D:1)
  5 kobolds
  3 rats
68 creatures vanquished.

Notes
Turn   | Place    | Note
-------+----------+-------------------------------------------
     0 | D:1      | Fang the Gargoyle Berserker began the quest for the Orb.
     0 | D:1      | Reached XP level 1. HP: 14/14 MP: 1/1
   194 | D:1      | Reached XP level 2. HP: 13/19 MP: 2/2
   616 | D:1      | Reached skill level 3 in Axes
  1061 | D:2      | Noticed a crimson imp
  1087 | D:2      | Killed a crimson imp
  1087 | D:2      | Reached XP level 3. HP: 17/24 MP: 3/3
  1210 | D:2      | Reached XP level 4. HP: 14/29 MP: 4/4
  1438 | D:2      | Reached ** piety under Trog
  1964 | D:3      | Noticed Ijyb
  1967 | D:3      | Noticed Robin
  1970 | D:3      | Reached skill level 4 in Axes
  1975 | D:3      | Reached XP level 5. HP: 33/33 MP: 5/5
  1985 | D:3      | Killed Ijyb
  1988 | D:3      | Killed Robin
  1989 | D:3      | Reached *** piety under Trog
  2155 | D:3      | Noticed Natasha
  2171 | D:3      | Killed Natasha
  2332 | D:3      | Noticed Sigmund
  2339 | D:3      | Killed Sigmund
  2339 | D:3      | Reached skill level 5 in Axes
  2339 | D:3      | Reached skill level 1 in Stealth
  2339 | D:3      | Reached XP level 6. HP: 39/39 MP: 6/6
  2373 | D:3      | Noticed Terence
  2375 | D:3      | Noticed Grinder
  2390 | D:3      | Killed Terence
  2398 | D:3      | Paralysed by Grinder for 2 turns
  2404 | D:3      | Paralysed by Grinder for 6 turns
  2412 | D:3      | Paralysed by Grinder for 6 turns
  2414 | D:3      | HP: 1/39 [Grinder (3)]
  2419 | D:3      | Killed from afar by Grinder

Skill      XL: |  1  2  3  4  5 |
---------------+----------------+-----
Axes           | 3 4 5 |  5.2
Fighting       | 4 |  4.7
Dodging        | 2 |  2.8
Stealth        | 1 |  1.3
Armour         | |  2.3

Action                   |  1- 3 |  4- 6 || total
-------------------------+-------+-------++-------
Melee: Hand axe          |    73 |   172 ||   245
Invok: Berserk           |     1 |     3 ||     4
 Stab: Sleeping          |     1 |     1 ||     2
  Eat: Chunk             |    10 |     6 ||    16
Armor: Animal skin       |    20 |    70 ||    90
Dodge: Dodged            |    65 |   114 ||   179
